 Dungeon Crawl Stone Soup version 0.31-a0-344-gd109795599 (webtiles) character file.

Game seed: 3604916412768020123

571 LeprechaunX the Changeling (level 7, -1/69 HPs)
             Began as an Octopode Shapeshifter on July 22, 2023.
             Slain by an ice beast (8 damage)
             ... on level 5 of the Dungeon.
             The game lasted 00:05:49 (4254 turns).

LeprechaunX the Changeling (Octopode Shapeshifter)  Turns: 4254, Time: 00:05:49

Health: -1/69      AC: 23    Str: 16    XL:     7   Next: 34%
Magic:  7/7        EV:  2    Int: 10    God:
Gold:   230        SH:  0    Dex: 13    Spells: 6/6 levels left

rFire   . .          .
                       - Unarmed
rCold   . . .        (no shield)
rNeg    . . .        (helmet currently unavailable)
rPois   +            (no amulet)
rElec   .            (no ring)
rCorr   .            (no ring)
SInv    .            (no ring)
Will    .....        (no ring)
Stlth   +            (no ring)
HPRegen 0.31/turn    (no ring)
MPRegen 0.10/turn    (no ring)
                     (no ring)

%: no passive effects
@: tree-form
A: stationary, stasis, torment immunity, boosted hp, almost no armour,
(amphibious), 8 rings, (camouflage 1), (gelatinous body 1), (nimble swimmer 1),
(tentacles)
a: no special abilities


You were on level 5 of the Dungeon.
You were a tree.
You visited 1 branch of the dungeon, and saw 5 of its levels.

You collected 230 gold pieces.

Inventory:

Missiles
 v - 12 poisoned darts (quivered)
Armour
 t - a +0 kite shield
Talismans
 b - a beast talisman
 j - a granite talisman
Wands
 p - a wand of paralysis (22)
Scrolls
 d - a scroll of brand weapon {unknown}
 e - 5 scrolls of identify {unknown}
 h - 3 scrolls of vulnerability {unknown}
 k - 2 scrolls of poison {unknown}
 l - 3 scrolls of fog {unknown}
 m - a scroll of summoning {unknown}
 n - 3 scrolls of teleportation {unknown}
 r - a scroll of fear {unknown}
 u - 3 scrolls of enchant weapon {unknown}
 w - 2 scrolls of enchant armour {unknown}
Potions
 c - 2 potions of haste {unknown}
 f - 3 potions of resistance {unknown}
 g - 2 potions of curing {unknown}
 i - 2 potions of enlightenment {unknown}
 o - a potion of degeneration {unknown}
 q - a potion of brilliance {unknown}
 s - 2 potions of mutation {unknown}


   Skills:
 + Level 3.4 Fighting
 + Level 3.8 Dodging
 + Level 4.6 Unarmed Combat
 * Level 4.9 Shapeshifting


You had 6 spell levels left.
You didn't know any spells.
Your spell library contained the following spells:

 Spells                   Type           Power      Damage    Failure   Level
 Slow                     Hex            0%         N/A       36%         1
 Confusing Touch          Hex            0%         N/A       75%         3
 Gell's Gravitas          Tloc           0%         N/A       75%         3
 Portal Projectile        Hex/Tloc       0%         N/A       75%         3
 Teleport Other           Tloc           0%         N/A       75%         3
 Tukima's Dance           Hex            0%         N/A       75%         3
 Vampiric Draining        Necr           0%         2d6       75%         3
 Iskenderun's Mystic Bla  Conj/Tloc      0%         2d3       98%         4
 Dispersal                Tloc           0%         N/A       100%        6


Dungeon Overview and Level Annotations

Branches:
Dungeon (5/15)
 Temple: D:4-7

Altars:
Yredelemnul

Annotations:
D:4 4 runed translucent doors, Crazy Yiuf; LeprechaunX's ghost, amateur OpSh


Innate Abilities, Weirdness & Mutations

You are a tree.
Your roots penetrate the ground, keeping you stationary.
You cannot be teleported.
You are immune to unholy pain and torment.
Your maximum health is greatly increased.
You cannot wear most types of armour.
((You are amphibious.))
You can wear up to eight rings at the same time.
((Your skin changes colour to match your surroundings (Stealth+).))
((Your rubbery body absorbs attacks. (AC +1, EV +1)))
((You are camouflaged when in or above water. (Stealth+)))
((You have tentacles for arms and can constrict up to eight enemies at once.))


Message History

You are no longer poisoned.
You now have 230 gold pieces (gained 9).
You open the door.
There is an open door here.
There is an open door here.
An ice beast comes into view.
An ice beast is nearby!
An ice beast is nearby!
An ice beast is nearby!
The helpless ice beast fails to defend itself.
You tentacle-slap the ice beast but do no damage.
You barely miss the ice beast. The ice beast hits you.
The ice beast freezes you.
You tentacle-slap the ice beast.
The ice beast is moderately wounded.
The ice beast hits you. The ice beast freezes you!
You closely miss the ice beast. Your squeeze misses the ice beast.
The ice beast is moderately wounded.
The ice beast barely misses you.
You bludgeon the ice beast!
The ice beast is heavily wounded.
The ice beast hits you. The ice beast freezes you.
You are too injured to fight recklessly!
You tentacle-slap the ice beast.
The ice beast is severely wounded.
The ice beast closely misses you.
You closely miss the ice beast.
The ice beast is severely wounded.
The ice beast hits you. The ice beast freezes you!
* * * LOW HITPOINT WARNING * * *
Really quaff the potion of lignification?
Your transformation has ended.
You turn into a tree.
Your roots penetrate the ground.
The ice beast hits you but does no damage.
You closely miss the ice beast.
The ice beast is heavily wounded.
The ice beast hits you.
* * * LOW HITPOINT WARNING * * *
The ice beast freezes you!
You die...

#.......#....'............
##.....##...##............
#<....#######.......##...
#.......#... #.......# ..
#.......#...##.......# .
#.......#.............
#.......#.............#
#....####...##........
#.#### #### #♣....... #.
#Y......# #########


You could see an ice beast.

Vanquished Creatures
  An ogre (D:4)
  A phantom (D:2)
  2 hounds
  2 orc priests (D:5)
  Ijyb (D:3)
  Natasha (thrice) (D:3)
  A howler monkey zombie (D:4)
  3 gnolls (D:2)
  6 adders
  An ufetubus (D:5)
  An adder zombie (D:4)
  2 worms (D:2)
  A dart slug (D:1)
  5 orcs
  2 ball pythons
  8 bats
  7 endoplasms
  7 giant cockroaches
  11 goblins
  8 hobgoblins
  4 quokkas
  3 frilled lizards
  2 kobolds
  3 rats
85 creatures vanquished.

Notes
Turn   | Place    | Note
-------+----------+-------------------------------------------
     0 | D:1      | LeprechaunX the Octopode Shapeshifter began the quest for
                  | the Orb.
     0 | D:1      | Reached XP level 1. HP: 13/13 MP: 1/1
    62 | D:1      | Reached XP level 2. HP: 12/18 MP: 2/2
   554 | D:1      | Reached XP level 3. HP: 23/23 MP: 3/3
   916 | D:2      | Reached XP level 4. HP: 21/29 MP: 4/4
  1291 | D:2      | Noticed a phantom
  1305 | D:2      | Killed a phantom
  1306 | D:2      | Reached XP level 5. HP: 25/35 MP: 5/5
  2323 | D:3      | Noticed Ijyb
  2331 | D:3      | Killed Ijyb
  2332 | D:3      | Reached XP level 6. HP: 40/41 MP: 6/6
  2430 | D:3      | Noticed Natasha
  2437 | D:3      | Killed Natasha
  2440 | D:3      | Noticed Natasha
  2445 | D:3      | Killed Natasha
  2719 | D:3      | Noticed Natasha
  2724 | D:3      | Killed Natasha
  3212 | D:4      | Found a runed translucent door.
  3213 | D:4      | Noticed Crazy Yiuf
  3405 | D:4      | Reached XP level 7. HP: 46/46 MP: 7/7
  3500 | D:4      | Found a runed translucent gate.
  3500 | D:4      | Found a runed translucent gate.
  3500 | D:4      | Found a runed translucent gate.
  3500 | D:4      | Noticed LeprechaunX's ghost (amateur OpSh)
  3503 | D:4      | Found a basalt altar of Yredelemnul.
  3811 | D:5      | Entered Level 5 of the Dungeon
  4254 | D:5      | Slain by an ice beast

Illustrated notes

Levels and vault maps discovered:
D:1:      ebering_trefoil_3fold, layout_loops_ring
D:2:      layout_basic
D:3:      layout_basic, uniq_natasha, uniq_ijyb
D:4:      layout_basic, nicolae_yredelemnul_ghost_church,
          uniq_crazy_yiuf_cottage
D:5:      layout_gridville, dancing_weapons_uskayaw, gammafunk_ghost_split,
          st_stairs_7, uniq_prince_ribbit1

Skill      XL: |  1  2  3  4  5  6 |
---------------+-------------------+-----
Fighting       | 2 3 |  3.4
Unarmed Combat | 4 |  4.6
Dodging        | 3 |  3.8
Shapeshifting  | 4 |  4.9

Action                     |  1- 3 |  4- 6 |  7- 9 || total
---------------------------+-------+-------+-------++-------
  Melee: Unarmed           |    58 |    84 |    38 ||   180
         Constrict         |    14 |    18 |    10 ||    42
         Tentacles         |     9 |    19 |     5 ||    33
         Punch             |     2 |     3 |     2 ||     7
  Throw: Dart              |       |     4 |     2 ||     6
    Use: Potion            |       |       |     1 ||     1
   Stab: Sleeping          |     3 |     7 |     4 ||    14
 Armour: Skin              |     7 |     9 |     1 ||    17
  Dodge: Dodged            |    28 |    38 |    19 ||    85

Table legend: (Time is in decaauts)
 A = Elapsed time spent in this place.
 B = Non-inter-level travel time spent in this place.
 C = Inter-level travel time spent in this place.
 D = Time resting spent in this place.
 E = Time spent auto-exploring this place.
 F = Levels seen in this place.
 G = Mean time per level.
                   A        B        C        D        E       F      G
               +--------+--------+--------+--------+--------+-----+--------+
         Total |   4238 |   3873 |    365 |    326 |   2919 |   5 |  847.6 |
       Dungeon |   4238 |   3873 |    365 |    326 |   2919 |   5 |  847.6 |
               +--------+--------+--------+--------+--------+-----+--------+

Top non-repeatable levels by time:
     D:4: 1170 daAuts
     D:2: 1157 daAuts
     D:3: 876 daAuts
     D:1: 844 daAuts
     D:5: 189 daAuts
